 Dungeon Crawl Stone Soup version 0.22-a0-161-g198051c (webtiles) character file.

69 wolfsongas the Insei (level 4, -3/28 HPs)
             Began as an Octopode Transmuter on Feb 10, 2018.
             Slain by a gnoll
             ... wielding a +0 flail
              (10 damage)
             ... on level 2 of the Dungeon.
             The game lasted 00:03:08 (1853 turns).

wolfsongas the Insei (Octopode Transmuter)          Turns: 1853, Time: 00:03:09

Health: -3/28      AC:  2    Str:  9    XL:     4   Next: 20%
Magic:  6/7        EV: 12    Int: 15    God:
Gold:   87         SH:  4    Dex: 13    Spells: 7/8 levels left

rFire    . . .     SeeInvis .     - Unarmed
rCold    . . .     Gourm    .   e - +1 buckler
rNeg     . . .     Faith    .   (helmet restricted)
rPois    +         Spirit   .   (no amulet)
rElec    .         Reflect  .   n - ring of poison resistance
rCorr    .         Harm     .   (no ring)
MR       .....     Clarity  +   (no ring)
Stlth    ++........             (no ring)
HPRegen  0.09/turn              (no ring)
MPRegen  0.10/turn              (no ring)
                                (no ring)
                                (no ring)

@: appendage
A: almost no armour, stealthy swim, amphibious, 8 rings, constrict 8, tentacle
spike 3, rugged brown scales 1, camouflage 1, clarity, gelatinous body 1
a: End Transformation


You were on level 2 of the Dungeon.
You were not hungry.
One of your tentacles had a temporary spike.
You visited 1 branch of the dungeon, and saw 2 of its levels.

You collected 87 gold pieces.

Inventory:

Missiles
 a - 12 arrows
Armour
 e - a +1 buckler (worn)
Jewellery
 n - a ring of poison resistance (left tentacle)
Scrolls
 d - 2 scrolls of remove curse
 l - a scroll of identify
 m - a scroll of teleportation
 o - a scroll of random uselessness {unknown}
Potions
 g - a potion of ambrosia
 h - a potion of lignification
 i - a potion of degeneration {unknown}
 j - a potion of heal wounds {unknown}
 k - a potion of curing
Books
 b - a book of Changes

   Spells                             Type                      Level
   a - Beastly Appendage              Transmutation                1
   b - Sticks to Snakes               Transmutation                2
   c - Spider Form                    Transmutation/Poison         3
   d - Ice Form                       Ice/Transmutation            4
   e - Blade Hands                    Transmutation                5
Comestibles
 c - 4 rations
 f - 2 chunks of flesh


   Skills:
 - Level 1.0 Fighting
 - Level 2.0 Dodging
 * Level 4.1 Unarmed Combat
 + Level 2.6 Spellcasting
 + Level 2.7 Transmutations


You had 7 spell levels left.
You knew the following spells:

 Your Spells              Type           Power        Failure   Level  Hunger
a - Beastly Appendage     Tmut           ##....       12%         1    #......


Dungeon Overview and Level Annotations

Branches:
Dungeon (2/15)

Altars:


Innate Abilities, Weirdness & Mutations

You cannot wear most types of armour.
You are very stealthy in the water. (Stealth+)
You are amphibious.
You can wear up to eight rings at the same time.
You can use your tentacles to constrict eight enemies at once.
Your skin changes colour to match your surroundings (Stealth+).
Your rubbery body absorbs attacks. (AC +1, EV +1)
One of your tentacles bears a large vicious spike.
You are partially covered in rugged brown scales. (AC +1, +3% HP)
You possess an exceptional clarity of mind.


Message History

The gnoll moves out of view.
You hear a shout! x2
Casting: Beastly Appendage (safe; 12% risk of failure)
Confirm with . or Enter, or press ? or * to list all spells.
One of your tentacles grows a vicious spike.
You block the gnoll's attack.
A gnoll comes into view. It is wielding a flail.
It was a potion of curing.
You feel better.
The gnoll hits you from afar with a spear!
The gnoll hits you with a spear! The gnoll closely misses you.
A gnoll comes into view. It is wielding a spear.
You barely miss the gnoll. Your grab misses the gnoll. You squeeze the gnoll!
The gnoll is severely wounded.
The gnoll hits you with a spear.
* * * LOW HITPOINT WARNING * * *
The gnoll hits you but does no damage. You block the gnoll's attack.
You tentacle-slap the gnoll.
You kill the gnoll!
The gnoll barely misses you. The gnoll hits you with a flail!
You die...

#..............#.##.).).....
#.......#..#.###+######....#
###.#####.....# #.....
#.......##.## #...##
##########.# #...# ..#.#
####.### ## #.#.# #.......
#...#g#.# #(##.##. #g.)@.#
###.##.##.
##.g########....).... #...
#...##.#..#.... .....
#.#.......#.... ######
#...##.#.......
##.###.##.##..# #.#
#......... #.# ######..##
#.# ###..##


You could see 3 gnolls.

Vanquished Creatures
  A gnoll (D:2)
  An adder (D:2)
  A worm (D:2)
  3 leopard geckos (D:1)
  5 bats
  2 giant cockroaches
  7 goblins
  4 hobgoblins
  5 jackals (D:2)
  7 kobolds
  2 rats
38 creatures vanquished.

Notes
Turn   | Place    | Note
-------+----------+-------------------------------------------
     0 | D:1      | wolfsongas the Octopode Transmuter began the quest for the Orb.
     0 | D:1      | Reached XP level 1. HP: 13/13 MP: 3/3
   557 | D:1      | Reached XP level 2. HP: 12/18 MP: 3/5
   624 | D:1      | Gained mutation: You possess an exceptional clarity of mind. [potion of mutation]
   624 | D:1      | Gained mutation: You are partially covered in rugged brown scales. (AC +1, +3% HP) [potion of mutation]
  1016 | D:1      | Reached XP level 3. HP: 23/23 MP: 4/6
  1743 | D:2      | Reached skill level 4 in Unarmed Combat
  1743 | D:2      | Reached XP level 4. HP: 20/28 MP: 5/7
  1853 | D:2      | Slain by a gnoll

Vault maps used:
D:1:      scummos_arrival_checkerplants, st_stairs_1, minmay_tetromino_o4
D:2:      makhleb_heckhound_becter, minmay_misc_feat_square, eino_tiny_chamber

Skill      XL: |  1  2  3 |
---------------+----------+-----
Unarmed Combat | 4 |  4.1
Fighting       | |  1.0
Dodging        | |  2.0
Spellcasting   | |  2.6
Transmutations | |  2.7

Action                   |  1- 3 |  4- 6 || total
-------------------------+-------+-------++-------
Melee: Unarmed           |    79 |     3 ||    82
       Constrict         |    22 |       ||    22
       Kick              |    11 |       ||    11
       Tentacles         |    13 |     1 ||    14
 Cast: Beastly Appendage |    10 |     1 ||    11
  Use: Scroll            |     6 |       ||     6
       Potion            |     1 |     1 ||     2
 Stab: Sleeping          |     3 |       ||     3
  Eat: Chunk             |     3 |       ||     3
Armor: Skin              |     9 |       ||     9
Dodge: Dodged            |    63 |     3 ||    66
Block: Buckler           |    17 |     2 ||    19

Table legend:
 A = Spawn XP
 B = Non-spawn XP
 C = Spawn XP percentage of total XP
 D = Spawn monster count
 E = Non-spawn monster count
 F = Spawn count percentage of total count
 G = Total turns spent on level
                    A         B        C        D         E        F      G
               +---------+---------+-------+---------+---------+-------+---------
         Total |       0 |      99 |   0.0 |       0 |      38 |   0.0 |  1853
               +---------+---------+-------+---------+---------+-------+---------
           D:1 |       0 |      42 |   0.0 |       0 |      22 |   0.0 |  1180
           D:2 |       0 |      57 |   0.0 |       0 |      16 |   0.0 |   673
               +---------+---------+-------+---------+---------+-------+---------
